[Event "Early-Titled-Tuesday-Blitz-February-13-2024"]
[Site "Chess.com"]
[Date "2024.02.13"]
[Round "2"]
[White "nicolasbatista3"]
[Black "DvaHrasta"]
[Result "1-0"]
[WhiteElo "2297"]
[BlackElo "2496"]
[TimeControl "180+1"]
[EndTime "8:20:05 PST"]
[Termination "nicolasbatista3 won on time"]

1. d4 Nf6 2. c4 e6 3. Nc3 Bb4 4. f3 c5 5. d5 O-O 6. e4 d6 7. Ne2 b5 8. Nf4 bxc4 9. Bxc4 e5 10. Ne2 Nfd7 11. O-O Nb6 12. Bb5 a6 13. Bc6 Nxc6 14.
dxc6 Bxc3 15. Nxc3 Qc7 16. Nd5 Nxd5 17. exd5 f5 18.
Qa4 Rb8 19. Bd2 Rxb2 20. Ba5 Qf7 21. Rab1 Rxb1 22. Rxb1 Qxd5 23. c7 e4 24. Rd1 Qe6 25. Qc6 exf3 26. Qxf3 Qxa2 27. Bc3 Qe6 28. Qg3 Qg6 29. Qxg6 hxg6 30. Rxd6 Kf7 31. Rc6 Ke7 32. Rxc5 Kd7 33. Bxg7 Re8 34. Be5 Bb7 35. Kf2 Re6 36. Bf4 Rc6 37. Rd5+ Ke6 38. Rd8 Rc2+ 39. Ke3 Rc3+ 40.
Kd2 Rc4 41. g3 a5 42. Kd3 1-0

[Event "Early-Titled-Tuesday-Blitz-February-13-2024"]
[Site "Chess.com"]
[Date "2024.02.13"]
[Round "2"]
[White "dealshark"]
[Black "Zq1"]
[Result "0-1"]
[WhiteElo "2132"]
[BlackElo "2488"]
[TimeControl "180+1"]
[EndTime "8:20:05 PST"]
[Termination "Zq1 won by checkmate"]

1. Nf3 Nf6 2. g3 b6 3. Bg2 Bb7 4. c4 g6 5. O-O Bg7 6. Nc3 c5 7. e3 O-O 8. d4 cxd4 9. exd4 d5 10.
b3 Nc6 11. Bf4 Na5 12. Qe2 Rc8 13. Nxd5 Nxd5 14. cxd5 Bxd5 15. Be5 f6 16. Bf4 e6 17. Rac1 Qd7 18. Rfd1 Rxc1 19. Rxc1 Rc8 20. Qd2 Rxc1+ 21. Qxc1 Qc6 22. Qxc6 Nxc6 23. Kf1 g5 24. Be3 g4 25.
Nd2 Bxg2+ 26. Kxg2 f5 27. f3 h5 28. fxg4 hxg4 29. Nc4 Bxd4 30. Bd2 Kf7 31. Kf1 e5 32. Ke2 Ke6 33. Kd3 Bg1 34. Be3 Bxh2 35. Bf2 f4 36. gxf4 g3 37. Be3 g2 38. fxe5 Nxe5+ 39. Nxe5 Kxe5 40.
Kc4 Kd6 41. Kb5 Kc7 42. a4 g1=Q 43. Bxg1 Bxg1 44. b4 Kb7 45. a5 a6+ 46. Kc4 b5+ 47.
Kb3 Bh2 48. Kc3 Bd6 49. Kb3 Kc6 50. Kc3 Kd5 51. Kb3 Kd4 52. Ka3 Kc3 53. Ka2 Kxb4 54. Kb2 Kxa5 55. Kb3 Kb6 56. Kb2 a5 57. Kb3 a4+ 58.
Ka2 Ka5 59. Kb2 b4 60. Ka2 Kb5 61. Kb2 Kc4 62. Kc2 a3 63. Kb1 b3 64. Ka1 Be5+ 65. Kb1 a2+ 66. Kc1 a1=Q+ 67. Kd2 Qc3+ 68. Kd1 Qc2+ 69. Ke1 Bd4 70. Kf1 Qf2# 0-1

[Event "Early-Titled-Tuesday-Blitz-February-13-2024"]
[Site "Chess.com"]
[Date "2024.02.13"]
[Round "2"]
[White "Nellichka"]
[Black "oneshot007"]
[Result "1-0"]
[WhiteElo "2069"]
[BlackElo "2428"]
[TimeControl "180+1"]
[EndTime "8:20:05 PST"]
[Termination "Nellichka won on time"]

1. d4 Nf6 2. c4 g6 3. h4 c5 4.
d5 e6 5. Nc3 exd5 6. cxd5 d6 7.
Bg5 Bg7 8. h5 h6 9. Bxf6 Bxf6 10.
hxg6 fxg6 11. Nf3 Bf5 12. e4 Bg4 13. Bd3 Nd7 14. Qb3 Qb6 15. e5 Nxe5 16. Nxe5 Bxe5 17. Bxg6+ Kf8 18. Qc2 Kg7 19. f3 Bg3+ 20. Kd1 Bd7 21. Bh5 Be8 22. Qf5 Qd8 23. Ne4 Be5 24. Qg4+ Kf8 25.
Qf5+ Kg8 26. Qe6+ Kf8 27. Kc2 Qd7 28. Bxe8 Qxe6 29. dxe6 Rxe8 30. g3 Rxe6 31. f4 Bg7 32. Rae1 b6 33. f5 Re5 34. f6 Rxe4 35. fxg7+ Kxg7 36.
Rxe4 Rf8 37. Rhe1 Kg6 38. Re6+ Kg5 39. Rxd6 Rf2+ 40. Rd2 1-0

[Event "Early-Titled-Tuesday-Blitz-February-13-2024"]
[Site "Chess.com"]
[Date "2024.02.13"]
[Round "2"]
[White "SchmakAttack"]
[Black "Russian_berezka"]
[Result "1-0"]
[WhiteElo "2798"]
[BlackElo "2564"]
[TimeControl "180+1"]
[EndTime "8:20:06 PST"]
[Termination "SchmakAttack won on time"]

1. e4 c5 2. Nf3 e6 3. g3 Nc6 4.
Bg2 Nf6 5. d3 d6 6. O-O Be7 7.
Re1 Rb8 8. a4 a6 9. c3 d5 10. e5 Nd7 11. d4 b5 12. axb5 axb5 13. h4 h6 14. h5 b4 15. Bf4 Qb6 16. Qd3 Bb7 17. Nbd2 O-O 18. Qe3 cxd4 19. cxd4 Rfc8 20. g4 Bf8 21. g5 hxg5 22. Bxg5 Ra8 23. h6 Rxa1 24. Rxa1 Ne7 25. hxg7 Kxg7 26. Bf6+ Kh7 27. Ng5+ Kg6 28. Ngf3 Nxf6 29. Qg5+ Kh7 30. exf6 Nf5 31. Qh5+ Nh6 32. Ng5+ Kg8 33. Ndf3 Qd8 34. Ra7 Rc1+ 35. Bf1 Rc7 36. Bd3 Qxf6 37. Nh7 1-0

[Event "Early-Titled-Tuesday-Blitz-February-13-2024"]
[Site "Chess.com"]
[Date "2024.02.13"]
[Round "2"]
[White "Akewjon"]
[Black "suspiciumchess"]
[Result "1-0"]
[WhiteElo "2791"]
[BlackElo "2420"]
[TimeControl "180+1"]
[EndTime "8:20:06 PST"]
[Termination "Akewjon won on time"]

1. Nf3 Nf6 2. c4 c5 3. g3 Nc6 4.
Bg2 g6 5. Nc3 Bg7 6. a3 O-O 7.
Rb1 a5 8. O-O d6 9. d3 Ne8 10.
Bd2 e5 11. Qc1 f5 12. Bh6 Nf6 13. Bxg7 Kxg7 14. Ne1 h6 15. Nc2 g5 16. Ne3 f4 17.
Ned5 Nd4 18. e3 f3 19. Bh1 Nxd5 20. cxd5 Ne2+ 21. Nxe2 fxe2 22. Re1 Bg4 23. Qc4 Qf6 24. f4 exf4 25. exf4 gxf4 26. Bg2 Kh8 27. h3 f3 28.
Qxg4 f2+ 29. Kh2 fxe1=Q 30. Rxe1 Qf2 31. Rxe2 Qd4 32. Qh5 Rf6 33. Re6 Raf8 34. h4 Qxb2 35. Kh3 Qf2 36. Be4 Qf1+ 37. Bg2 Qf2 38. Qg4 Rxe6 39. dxe6 1-0

[Event "Early-Titled-Tuesday-Blitz-February-13-2024"]
[Site "Chess.com"]
[Date "2024.02.13"]
[Round "2"]
[White "saraswathii"]
[Black "OPQRC"]
[Result "1-0"]
[WhiteElo "2384"]
[BlackElo "2533"]
[TimeControl "180+1"]
[EndTime "8:20:06 PST"]
[Termination "saraswathii won by resignation"]

1. e4 d6 2. Nf3 g6 3. d3 Bg7 4. g3 Nf6 5. Bg2 e5 6. O-O Nc6 7. c3 Bg4 8. Nbd2 Qd7 9. Nc4 h5 10. h4 O-O-O 11. Qb3 Nh7 12. Ne3 Rdf8 13. Nxg4 hxg4 14.
Nh2 f5 15. f3 gxf3 16. Bxf3 Kb8 17. Be3 f4 18. Bf2 fxg3 19. Bxg3 Qh3 20. Be1 Bh6 21. Bg2 Rxf1+ 22. Nxf1 Qxd3 23. Rd1 Qe2 24. Bf2 Rf8 25. Bg3 g5 26. Re1 Qd3 27. Qe6 gxh4 28.
Qxh6 Rxf1+ 29. Rxf1 a5 30. Bxh4 Qc2 31. Qxh7 Qxb2 32.
Rf8+ Ka7 33. Qxc7 Qxc3 34. Rf7 Qc1+ 35. Kh2 Qb2 36. Qxc6 Qb1 37. Bf2+ 1-0

[Event "Early-Titled-Tuesday-Blitz-February-13-2024"]
[Site "Chess.com"]
[Date "2024.02.13"]
[Round "2"]
[White "remuloaguiarfreitas"]
[Black "soloderisas"]
[Result "0-1"]
[WhiteElo "2292"]
[BlackElo "2538"]
[TimeControl "180+1"]
[EndTime "8:20:06 PST"]
[Termination "soloderisas won by resignation"]

1. d4 d5 2. Bg5 h6 3. Bh4 Bf5 4.
e3 c6 5. Bd3 Bxd3 6. Qxd3 Nd7 7. Nf3 Qb6 8. Nbd2 g5 9. Bg3 Bg7 10. O-O e6 11. c4 Ne7 12. c5 Qd8 13. Bd6 Nf5 14. e4 Nxd6 15. cxd6 dxe4 16. Nxe4 b6 17.
Rac1 Rc8 18. Rfe1 O-O 19. Ng3 Nf6 20. Qa6 Qxd6 21. Qxa7 b5 22. Qc5 Qxc5 23. Rxc5 Nd7 24. Rc2 g4 25. Ne5 Nxe5 26. dxe5 c5 27. f4 gxf3 28. gxf3 c4 29. f4 Rfd8 30. Kf2 Bf8 31. Ne4 Rd4 32. Rg1+ Kh8 33. Ke3 Rcd8 34. Rcg2 Rd3+ 35.
Ke2 Be7 36. Rg7 R3d4 37. Kf3 Rd3+ 38. Kf2 R3d4 39. Nf6 Rxf4+ 40. Ke3 Rxf6 41. exf6 Bc5+ 42. Ke4 Bxg1 43. Rxg1 b4 44. Rc1 Rc8 45. Ke5 c3 46. bxc3 bxc3 47. Kd6 Kh7 48. Kd7 Rc4 49. Ke8 Kg6 50. Ke7 Rc7+ 51. Kd6 Ra7 52. Ke5 Ra5+ 53. Kd4 Kxf6 54. Rf1+ Ke7 55. Ra1 c2 56. a4 Rxa4+ 57.
Rxa4 c1=Q 58. Ra7+ Kf6 0-1

[Event "Early-Titled-Tuesday-Blitz-February-13-2024"]
[Site "Chess.com"]
[Date "2024.02.13"]
[Round "2"]
[White "lacafi"]
[Black "HATilay"]
[Result "0-1"]
[WhiteElo "2208"]
[BlackElo "2493"]
[TimeControl "180+1"]
[EndTime "8:20:06 PST"]
[Termination "HATilay won on time"]

1. d4 Nf6 2. Nf3 d5 3. e3 e6 4. Bd3 c5 5. c3 Nc6 6. Nbd2 g6 7. Qe2 Bg7 8. O-O O-O 9. dxc5 Nd7 10. e4 Nxc5 11. Bc2 b6 12. h4 Ba6 13. c4 dxc4 14. Nxc4 Na5 15. Bb3 Qd7 16. Bd2 Ncb7 17. Bb4 Rfc8 18.
Rac1 Qb5 19. Bxa5 Nxa5 20. Nfd2 Bxb2 21. Rc2 Bd4 22. Rfc1 Rc5 23. Qf3 Nxb3 24. axb3 Qd7 25. h5 Rac8 26. e5 Bb7 27. Qf6 Qd8 28. Qf4 g5 29. Qg4 Bxe5 30. Ne4 Bf4 31. Nxc5 Rxc5 32. Rd1 Bd5 33. Ne3 Bxe3 34. Rxc5 Bxc5 35. b4 Be7 36. f4 h6 37. fxg5 Bxg5 38. Qd4 Qf6 39. Qxf6 Bxf6 40.
Ra1 Bd4+ 41. Kh2 b5 42. Ra5 Bc4 43. Ra6 Bb6 44. Ra1 Kg7 45. Rd1 Kf6 46. Kg3 Ke5 47.
Rd7 f5 48. Rh7 Be3 49. Kf3 Bg5 50. Rxa7 Bd5+ 0-1

[Event "Early-Titled-Tuesday-Blitz-February-13-2024"]
[Site "Chess.com"]
[Date "2024.02.13"]
[Round "2"]
[White "JG-17"]
[Black "Ariadna_Atreides"]
[Result "1-0"]
[WhiteElo "2475"]
[BlackElo "2153"]
[TimeControl "180+1"]
[EndTime "8:20:06 PST"]
[Termination "JG-17 won on time"]

1. d4 Nf6 2. Nf3 e6 3. c4 Bb4+ 4. Bd2 Bxd2+ 5. Nbxd2 b6 6. g3 Bb7 7. Bg2 Ne4 8. O-O O-O 9. Ne5 f5 10. Nxe4 Bxe4 11. Bxe4 fxe4 12. d5 Qe7 13. Qd4 Re8 14. Qxe4 Na6 15. Ng4 Nc5 16. Qd4 e5 17. Qd2 a5 18.
Rfe1 d6 19. Qc2 h5 20. Ne3 Qg5 21. h4 Qh6 22. Nf5 Qh7 23. e4 Rf8 24. f3 Rf7 25. Rf1 Raf8 26. Kg2 g6 27. Ne3 Qh6 28. Qe2 Rg7 29. b3 g5 30. Nf5 Rxf5 31. exf5 gxh4 32. g4 hxg4 33. fxg4 h3+ 34. Kh2 Qh4 35. f6 Rxg4 36. Rg1 Rxg1 37. Rxg1+ Kf7 38. Qe3 Qxf6 39. Qxh3 Qf4+ 40.
Qg3 Nd3 41. Qxf4+ Nxf4 42. Rf1 Kf6 43. Kg3 Kg5 44. Rh1 Nh5+ 45. Kf3 Nf4 46. Rh7 Kf5 47.
Rxc7 e4+ 48. Ke3 Ng2+ 49. Kd4 Kf4 50. Rf7+ Kg3 51. Kxe4 Kh2 52. Kf3 1-0

[Event "Early-Titled-Tuesday-Blitz-February-13-2024"]
[Site "Chess.com"]
[Date "2024.02.13"]
[Round "2"]
[White "evgchess5"]
[Black "Yurovskykh_Oleksandr"]
[Result "1/2-1/2"]
[WhiteElo "2962"]
[BlackElo "2653"]
[TimeControl "180+1"]
[EndTime "8:20:07 PST"]
[Termination "Game drawn by repetition"]

1. e4 e6 2. d4 d5 3. Nc3 dxe4 4. Nxe4 Bd7 5. Nf3 Bc6 6. Bd3 Nd7 7. O-O Ngf6 8. Ned2 Be7 9. Nc4 b6 10. Nce5 Bb7 11.
Bb5 O-O 12. Nc6 Qe8 13. Bg5 a6 14. Nxe7+ Qxe7 15. Bd3 h6 16. Bh4 c5 17. c3 cxd4 18.
Nxd4 Nc5 19. Bc2 Be4 20. Re1 Bxc2 21. Qxc2 Qc7 22. Bxf6 gxf6 23. Re3 f5 24. Rae1 Kh8 25.
Rh3 Qf4 26. g3 Qg5 27. Nf3 Qf6 28. Rh4 Rg8 29. Qd2 Kg7 30. Qd4 Qxd4 31. Rxd4 Rgd8 32. Red1 Rxd4 33. Rxd4 b5 34. Kf1 Na4 35. Rd2 Nb6 36. Ne5 Nd5 37. Ke2 Rc8 38. Rd4 Kf6 39. Nd3 a5 40.
Kd2 Rc7 41. Rh4 Kg7 42. Rd4 Kf6 43. Rh4 Kg7 44. Rd4 Kf6 1/2-1/2

[Event "Early-Titled-Tuesday-Blitz-February-13-2024"]
[Site "Chess.com"]
[Date "2024.02.13"]
[Round "2"]
[White "chessdjw"]
[Black "Predator0608"]
[Result "0-1"]
[WhiteElo "2761"]
[BlackElo "2567"]
[TimeControl "180+1"]
[EndTime "8:20:07 PST"]
[Termination "Predator0608 won by checkmate"]

1. e4 c5 2. Nf3 d6 3. d4 cxd4 4. Nxd4 Nf6 5. Nc3 a6 6. h3 e5 7. Nb3 h5 8. Be3 Be6 9. Qf3 Be7 10. O-O-O Nbd7 11. Kb1 Rc8 12. Nd5 Nf8 13. Bb6 Qd7 14. Nxe7 Qxe7 15. Na5 N8d7 16. Be3 Nc5 17. Bd3 Qc7 18.
Bxc5 dxc5 19. Nc4 O-O 20. Ne3 c4 21. Be2 c3 22. g4 Qc5 23. bxc3 Qxc3 24. Nd5 Qa5 25. g5 Nxd5 26. exd5 Bd7 27. Qb3 Rc3 28. Qb2 Rfc8 29. Bd3 Ba4 30. Rc1 Qxd5 31. Rhe1 Qe6 32. Ka1 b5 33. f4 Qxh3 34. fxe5 Qe6 35. g6 fxg6 36. Rcd1 Bxc2 37. Bxc2 Rxc2 38. Qb1 Qc4 39. Re3 Re2 40. Rxe2 Qxe2 41. Rc1 Qxe5+ 42. Qb2 Rxc1# 0-1

[Event "Early-Titled-Tuesday-Blitz-February-13-2024"]
[Site "Chess.com"]
[Date "2024.02.13"]
[Round "2"]
[White "pooh2012"]
[Black "baki83"]
[Result "1-0"]
[WhiteElo "2559"]
[BlackElo "2845"]
[TimeControl "180+1"]
[EndTime "8:20:07 PST"]
[Termination "pooh2012 won by checkmate"]

1. Nf3 d5 2. g3 Nf6 3. Bg2 Bf5 4. O-O c6 5. d3 e6 6. Nbd2 Be7 7. Nh4 Bg4 8. h3 Bh5 9. Qe1 Nfd7 10. Nhf3 O-O 11. e4 a5 12. a4 Na6 13. Nb3 h6 14. Bd2 Nb4 15. Qb1 Qc7 16. c3 Na6 17. Qc2 Rfd8 18.
Nfd4 Ndc5 19. Nxc5 Bxc5 20. g4 Bg6 21. Nb3 Bb6 22.
d4 dxe4 23. Bxe4 Bxe4 24. Qxe4 c5 25. Bf4 Qe7 26. Rad1 cxd4 27. Nxd4 Nc5 28. Qc2 Qf6 29. Bg3 Rd7 30. Nb5 Rad8 31. Rxd7 Rxd7 32. Rd1 Qf3 33. Rxd7 Nxd7 34. Kh2 Nf6 35. Nd6 h5 36. g5 Nd5 37.
Qe4 Qd1 38. g6 h4 39. gxf7+ Kf8 40. Bxh4 Nf6 41. Qxe6 Bc7 42. Bg3 Qd2 43. Qe8+ Nxe8 44. fxe8=Q# 1-0

[Event "Early-Titled-Tuesday-Blitz-February-13-2024"]
[Site "Chess.com"]
[Date "2024.02.13"]
[Round "2"]
[White "UK_23"]
[Black "chess123456s"]
[Result "0-1"]
[WhiteElo "2368"]
[BlackElo "2609"]
[TimeControl "180+1"]
[EndTime "8:20:08 PST"]
[Termination "chess123456s won by resignation"]

1. e4 e5 2. Nf3 Nc6 3. d4 exd4 4. Nxd4 Nf6 5. Nxc6 bxc6 6. Nd2 Bc5 7. Bd3 d5 8. O-O O-O 9. c4 Ba6 10. b3 Re8 11.
Qc2 h6 12. Bb2 Bd6 13. cxd5 Bxd3 14. Qxd3 cxd5 15. Bxf6 Qxf6 16. exd5 Rad8 17. Nf3 c6 18. Rfe1 Rxe1+ 19. Rxe1 cxd5 20. g3 Bf8 21. Kg2 a5 22. Nd4 g6 23. Rd1 Bg7 24. Ne2 d4 25. Nf4 Qc6+ 26. Qf3 Qc2 27. a4 Rb8 28. Rd3 Rc8 29.
Nd5 Re8 30. h4 Re2 31. Nf4 Rd2 32. Rxd2 Qxd2 33. Qd3 Qc3 34. Qb5 Kh7 35. Qc4 g5 36. hxg5 hxg5 37. Nd3 Kg6 38. g4 Qd2 39.
Qc6+ Kh7 40. Qe4+ Kg8 41. Qe8+ Bf8 42. Ne5 Qf4 43. Nf3 Qxg4+ 44. Kf1 Qxf3 0-1

[Event "Early-Titled-Tuesday-Blitz-February-13-2024"]
[Site "Chess.com"]
[Date "2024.02.13"]
[Round "2"]
[White "Dewarfd"]
[Black "killer_dreams"]
[Result "0-1"]
[WhiteElo "2159"]
[BlackElo "2481"]
[TimeControl "180+1"]
[EndTime "8:20:08 PST"]
[Termination "killer_dreams won on time"]

1. d4 Nf6 2. e3 c5 3. dxc5 e6 4. Nf3 Bxc5 5. c4 O-O 6. Be2 d5 7. cxd5 Nxd5 8. O-O Nc6 9. a3 Be7 10. e4 Nb6 11. Qc2 e5 12. Rd1 Qe8 13. b4 Be6 14. Bb2 Rc8 15. Qd2 f6 16. Nc3 Qf7 17. h3 Rfd8 18. Qe3 Bb3 19. Rxd8+ Rxd8 20. Bd1 Nd4 21. Nd2 Nc2 22. Bxc2 Bxc2 23. Rc1 Bd3 24. Nd5 Nxd5 25. exd5 Qxd5 26. Qxa7 Bb5 27. Nf3 Bc6 28. Qb6 Qb3 29. Ba1 Rd1+ 30. Rxd1 Qxd1+ 31. Kh2 Qxa1 32. Qc7 Bf8 33.
Qc8 Qxa3 34. Qe6+ Kh8 35. Nh4 Qxb4 36. Nf5 Be4 37. Ne3 Qe7 0-1

[Event "Early-Titled-Tuesday-Blitz-February-13-2024"]
[Site "Chess.com"]
[Date "2024.02.13"]
[Round "2"]
[White "Real_taiatai"]
[Black "C_K_G"]
[Result "0-1"]
[WhiteElo "2441"]
[BlackElo "2127"]
[TimeControl "180+1"]
[EndTime "8:20:08 PST"]
[Termination "C_K_G won by resignation"]

1. e4 c5 2. Nf3 d6 3. Bb5+ Bd7 4. a4 Nc6 5. O-O Nf6 6. Re1 e6 7. c3 Be7 8. d4 cxd4 9. cxd4 O-O 10. Nc3 a6 11.
Bd3 Rc8 12. h3 e5 13. Be3 exd4 14. Nxd4 Ne5 15. Bf1 Re8 16. Qb3 Qc7 17. Rac1 Qb8 18. f4 Nc6 19. Nf3 Bf8 20. Bb6 Be6 21. Nd5 Bxd5 22.
exd5 Ne7 23. Bc4 Nf5 24. Bd3 Ne7 25. Ng5 h6 26. Ne4 Nfxd5 27. Bc4 Nxb6 28. Bxf7+ Kh8 29. Bxe8 Rxe8 30. Qxb6 Nd5 31. Qd4 Nxf4 32. Nf6 Ne2+ 33. Rxe2 Rxe2 34. Nd7 Qe8 35. Nxf8 Qxf8 36. Rf1 Qe7 37. Qc4 Qe4 38. Rf8+ Kh7 39. Qg8+ Kg6 40. Qf7+ Kh7 41. Qf5+ Qxf5 42. Rxf5 Rxb2 43. Rd5 Rb4 44. a5 Rb5 45. Rxd6 Rxa5 46. Rd7 Rb5 47. Kf2 Kg6 48. Ke3 Kf6 49. Kd4 a5 50. Rd6+ Ke7 51. Rg6 Kf7 52. Rg3 a4 53. Kc4 Rb2 54. Rf3+ Kg6 55. g3 b5+ 56. Kc3 Rb3+ 0-1

[Event "Early-Titled-Tuesday-Blitz-February-13-2024"]
[Site "Chess.com"]
[Date "2024.02.13"]
[Round "2"]
[White "MAGMAchess02"]
[Black "DucksParadise"]
[Result "0-1"]
[WhiteElo "2274"]
[BlackElo "2516"]
[TimeControl "180+1"]
[EndTime "8:20:09 PST"]
[Termination "DucksParadise won on time"]

1. e4 c6 2. Nf3 d5 3. d3 g6 4. e5 Bg7 5. Qe2 Bg4 6. Bf4 Nd7 7. d4 e6 8. h3 Bxf3 9. Qxf3 Ne7 10. Be2 O-O 11. c3 c5 12. dxc5 Nxc5 13. O-O Nc6 14. Qe3 Nd7 15. Rd1 Ndxe5 16. Nd2 d4 17. cxd4 Qxd4 18.
Nf3 Qxe3 19. Bxe3 Rfd8 20. Nd4 Nxd4 21. Bxd4 b6 22. Rac1 Rac8 23. Rxc8 Rxc8 24. Rd2 Nc4 25. Bxc4 Rxc4 26. Bxg7 Kxg7 27. b3 Rc1+ 28. Kh2 Ra1 29. g4 h5 30. Kg3 hxg4 31. hxg4 g5 32. Kf3 b5 33. Ke4 Kf6 34. f3 a5 35. Kd4 Rc1 36.
Rf2 a4 37. bxa4 bxa4 38. f4 gxf4 39. Rxf4+ Ke7 40. Kd3 a3 41. Ra4 Rg1 42. Kc3 Rg3+ 43. Kc2 Kf6 44. Rf4+ Kg6 45. Kd2 Rg2+ 46. Kc3 Rxa2 47. Kb3 Ra1 48. Ra4 Kg5 49. Ra6 e5 0-1

[Event "Early-Titled-Tuesday-Blitz-February-13-2024"]
[Site "Chess.com"]
[Date "2024.02.13"]
[Round "2"]
[White "wonderfultime"]
[Black "TregubovP"]
[Result "1-0"]
[WhiteElo "3064"]
[BlackElo "2680"]
[TimeControl "180+1"]
[EndTime "8:20:10 PST"]
[Termination "wonderfultime won by resignation"]

1. d4 Nf6 2. Nf3 c5 3. c3 b6 4. Bf4 Bb7 5. e3 d6 6. Nbd2 Nbd7 7. h3 g6 8. Be2 Bg7 9. O-O O-O 10. a4 a6 11. Re1 Re8 12. Bh2 Rc8 13. Bd3 e5 14. dxe5 Nxe5 15. Nxe5 dxe5 16. Nc4 Nd5 17.
Bf1 Qc7 18. Qb3 Rb8 19. Rad1 Ba8 20. e4 Nf4 21. Ne3 Bxe4 22. Bxa6 Bc6 23. Bb5 Red8 24. Bxc6 Qxc6 25. Bxf4 exf4 26. Nd5 Kh8 27. Nxf4 c4 28. Qb5 Qxb5 29. axb5 Kg8 30. Nd5 Kf8 31. Kf1 Bh6 32. Re4 Rd6 33. Red4 Rbd8 34. Nxb6 Rxd4 35. Rxd4 Rxd4 36.
cxd4 Bg7 37. Nxc4 Bxd4 38. Ke2 Ke7 39. f3 Kd7 40. Kd3 Bc5 41. Ne5+ Ke6 42. Kc4 Bg1 43.
Nd3 Kd6 44. b4 h5 45. Nc5 Kc7 46. Nd3 Kb6 47. Ne5 f6 48. Nxg6 Bf2 49. Nf4 1-0

[Event "Early-Titled-Tuesday-Blitz-February-13-2024"]
[Site "Chess.com"]
[Date "2024.02.13"]
[Round "2"]
[White "SmirnovAlexandrA"]
[Black "DanielDardha2005"]
[Result "0-1"]
[WhiteElo "2607"]
[BlackElo "2903"]
[TimeControl "180+1"]
[EndTime "8:20:10 PST"]
[Termination "DanielDardha2005 won on time"]

1. e4 e5 2. d4 exd4 3. Qxd4 Nc6 4. Qe3 Nf6 5. Nc3 Bb4 6. Bd2 O-O 7. O-O-O Re8 8.
Qg3 Rxe4 9. a3 Bd6 10. f4 Re8 11. Bd3 Bf8 12. Nf3 d5 13. Ng5 Nd4 14. Rde1 c5 15. Qh4 Bf5 16. Bxf5 Nxf5 17. Qh3 Qd7 18. Re5 Nd4 19.
Qxd7 Nxd7 20. Rxd5 Nf6 21. Re5 Rxe5 22. fxe5 Ng4 23.
Re1 Re8 24. Bf4 f6 25. Nf3 Nxf3 26. gxf3 Nxe5 27. Bxe5 Rxe5 28. Rxe5 fxe5 29. Kd2 Kf7 30. Ke3 Ke6 31. Ke4 c4 32. a4 Bc5 33. b3 cxb3 34. cxb3 a6 35. h3 g6 36. Nd5 Kd6 37. Nf6 h5 38. Nd5 Bg1 39. b4 Bf2 40. b5 axb5 41. axb5 Kc5 42. Kxe5 Kxb5 43. Ke4 Kc4 44. Nf4 b5 45. Nxg6 Bd4 46. Nf4 b4 47. Nd3 b3 48. f4 h4 49. f5 Bf6 50. Ke3 Kc3 51. Nc5 Bd4+ 0-1

[Event "Early-Titled-Tuesday-Blitz-February-13-2024"]
[Site "Chess.com"]
[Date "2024.02.13"]
[Round "2"]
[White "Stewie_89"]
[Black "Mops_2004"]
[Result "0-1"]
[WhiteElo "2589"]
[BlackElo "2850"]
[TimeControl "180+1"]
[EndTime "8:20:10 PST"]
[Termination "Mops_2004 won on time"]

1. e4 g6 2. Nc3 Bg7 3. f4 c6 4.
Nf3 d5 5. d4 dxe4 6. Nxe4 Nf6 7.
Nf2 O-O 8. Bc4 c5 9. dxc5 Qa5+ 10. c3 Qxc5 11. Qe2 b6 12. Be3 Qc7 13. O-O Bb7 14.
Bb3 e6 15. Ne5 Nbd7 16. Bd4 Nc5 17. Bc2 Nd5 18. Ne4 Ba6 19. c4 Nb4 20. Bb3 Rad8 21. Bc3 Nbd3 22. Rad1 Nxe5 23. fxe5 Rxd1 24. Rxd1 Nxe4 25. Qxe4 Rc8 26. h3 h5 27. Qf4 Rd8 28.
Rd6 Bf8 29. Rxd8 Qxd8 30. Kh1 Bc5 31. Bc2 Bb7 32. b4 Be7 33. Kh2 Bg5 34. Qf2 h4 35. a4 Kg7 36. a5 bxa5 37. bxa5 a6 38. Qd4 Qc7 39. Qg4 Qe7 40. Qd4 Bc6 41. Kh1 Qb7 0-1

[Event "Early-Titled-Tuesday-Blitz-February-13-2024"]
[Site "Chess.com"]
[Date "2024.02.13"]
[Round "2"]
[White "RantomOpening"]
[Black "Mariia89"]
[Result "1-0"]
[WhiteElo "2487"]
[BlackElo "2174"]
[TimeControl "180+1"]
[EndTime "8:20:10 PST"]
[Termination "RantomOpening won by checkmate"]

1. e4 c6 2. d4 d5 3. Nc3 dxe4 4. Nxe4 Nf6 5. Nxf6+ exf6 6. Bd3 Be7 7. Qh5 Be6 8.
c3 Qd5 9. Qxd5 Bxd5 10. Ne2 Na6 11. Nf4 Nc7 12. Nxd5 Nxd5 13. O-O O-O 14. Bd2 Rfe8 15. Rfe1 Bd6 16. g3 g6 17. Kg2 f5 18. Kf3 Nf6 19.
Bg5 Nd5 20. a3 b5 21. h4 Kg7 22. Bd2 Nf6 23. a4 a6 24. Rxe8 Rxe8 25. axb5 axb5 26.
Ra6 Rc8 27. Bg5 Nd5 28. Bxb5 Bxg3 29. Bxc6 Nc7 30. Bb7 Rb8 31. Bf6+ Kh6 32. fxg3 Rxb7 33. Bg5+ Kg7 34. b4 Ne6 35. d5 Nc7 36. Ra5 h6 37. Bf4 Nb5 38. Be5+ f6 39. c4 fxe5 40. Rxb5 Rc7 41. c5 e4+ 42. Ke3 g5 43. d6 Ra7 44.
c6 Ra3+ 45. Ke2 f4 46. gxf4 gxf4 47. c7 f3+ 48. Kf2 Ra2+ 49. Kg3 Rg2+ 50. Kh3 Rc2 51. Rc5 f2 52. Kg2 Ra2 53. c8=Q e3 54. Qg4+ Kf6 55. Qf5+ Kg7 56. Rc7+ Kg8 57. Qc8# 1-0

[Event "Early-Titled-Tuesday-Blitz-February-13-2024"]
[Site "Chess.com"]
[Date "2024.02.13"]
[Round "2"]
[White "CFN_Good_Evening"]
[Black "Alexei_Kornev"]
[Result "1/2-1/2"]
[WhiteElo "2053"]
[BlackElo "2695"]
[TimeControl "180+1"]
[EndTime "8:20:11 PST"]
[Termination "Game drawn by repetition"]

1. e4 c5 2. Nf3 d6 3. Bb5+ Bd7 4.
a4 Nf6 5. d3 g6 6. O-O Bg7 7.
Nc3 O-O 8. h3 Nc6 9. Be3 Rc8 10.
Qd2 a6 11. Bxc6 Bxc6 12. Bh6 e5 13. Bg5 Qd7 14. Bxf6 Bxf6 15. Ne1 Bg7 16. a5 f5 17. f3 Qd8 18. g3 h5 19. Ng2 Kh7 20. Qf2 g5 21. Ne3 Bd7 22. exf5 Bxf5 23. Nxf5 Rxf5 24. Nd5 Qe8 25. Qe3 Kh8 26. g4 Rf4 27. Nxf4 gxf4 28.
Qe4 Qe7 29. Qf5 Rf8 30. Qxh5+ Kg8 31. Ra3 Rf6 32. Qg5 Qf7 33. Kg2 Rg6 34. Qh5 Qe6 35. Rb3 Rh6 36. Qf5 Qxf5 37. gxf5 Rh5 38. Rxb7 Bf6 39. Rb6 Bh4 40. Rxd6 Rxf5 41. Rd5 Kf7 42. Rxc5 Ke6 43. Rc6+ Kd5 44. Rxa6 Rg5+ 45. Kh2 Kd4 46. Rd6+ Ke3 47. a6 Ke2 48. Rg1 Bg3+ 49. Rxg3 Rxg3 50. a7 Kf2 51. h4 Rg2+ 52. Kh1 Rg1+ 53. Kh2 Rg2+ 54.
Kh1 Rg3 55. Kh2 Rg2+ 1/2-1/2

[Event "Early-Titled-Tuesday-Blitz-February-13-2024"]
[Site "Chess.com"]
[Date "2024.02.13"]
[Round "2"]
[White "KorolDimitriy75"]
[Black "GMG"]
[Result "1/2-1/2"]
[WhiteElo "2412"]
[BlackElo "2695"]
[TimeControl "180+1"]
[EndTime "8:20:11 PST"]
[Termination "Game drawn by repetition"]

1. d4 f5 2. c4 Nf6 3. Nf3 e6 4. g3 d5 5. Bg2 Bd6 6. O-O O-O 7. Bf4 Bxf4 8. gxf4 c6 9. Ne5 Nbd7 10. Nd2 Nxe5 11.
fxe5 Ne4 12. Rc1 Nxd2 13. Qxd2 f4 14. Bf3 a5 15. Kh1 Qh4 16. Rg1 Qxf2 17. Rg2 Qh4 18. Rcg1 g6 19. Rg4 Qh6 20. Qe1 Bd7 21. Rh4 Qg7 22. Qd2 Qf7 23. Rgg4 Qe7 24. Rxf4 Rxf4 25.
Rxf4 Qb4 26. Qxb4 axb4 27. cxd5 exd5 28. a3 bxa3 29. bxa3 Rxa3 30. Rf6 Bh3 31. Kg1 Ra8 32. Rd6 Kf7 33. Kf2 Ke7 34. Kg3 Be6 35. Bg4 Bxg4 36.
Kxg4 Rf8 37. Kg3 Rf1 38. h4 Re1 39. Kf3 Rf1+ 40. Kg3 Rf5 41. e3 Rf1 42. Kg4 Rf5 43. Kg3 Rf8 44. Kg4 Rf5 45. Kg3 1/2-1/2

[Event "Early-Titled-Tuesday-Blitz-February-13-2024"]
[Site "Chess.com"]
[Date "2024.02.13"]
[Round "2"]
[White "ElephantChessGenius"]
[Black "MyDream003"]
[Result "0-1"]
[WhiteElo "2271"]
[BlackElo "2716"]
[TimeControl "180+1"]
[EndTime "8:20:12 PST"]
[Termination "MyDream003 won on time"]

1. e4 c5 2. Nc3 Nc6 3. Bb5 g6 4. Bxc6 dxc6 5. d3 Bg7 6. f4 Nf6 7. Nf3 Bg4 8. h3 Bxf3 9. Qxf3 Nd7 10. O-O Qc7 11. Be3 b5 12. e5 O-O 13. Ne4 c4 14. dxc4 bxc4 15. Qe2 Nb6 16. Bxb6 Qxb6+ 17. Kh1 Rfd8 18. c3 Rd3 19. b3 Rad8 20. bxc4 Bh6 21. Rab1 Qc7 22. Rf3 Rxf3 23. Qxf3 Qd7 24. Nc5 Qd2 25.
Rf1 Qxa2 26. Qe4 e6 27. Nb7 Rb8 28. Qxc6 Qe2 29. Rf3 Qd2 30. Qe4 Bf8 31. c5 Rc8 32. c6 Rc7 33. Kh2 Qb2 34. Rd3 Qb5 35. Rd8 Qxc6 36.
Qxc6 Rxc6 37. Nd6 Rxc3 38. Rd7 a5 39. Nxf7 a4 40. Ng5 a3 41. Ra7 Rc6 42. Kg3 Bc5 0-1